 Dungeon Crawl Stone Soup version 0.27.1-16-g815e20cd7a (webtiles) character file.

Game seed: 17702390325968533358

3385 pkoi the Destroyer (level 9, -2/68 HPs)
             Began as a Black Draconian Conjurer on Nov 23, 2021.
             Was a Believer of Vehumet.
             Slain by a two-headed ogre (10 damage)
             ... on level 7 of the Dungeon.
             The game lasted 00:14:29 (11104 turns).

pkoi the Destroyer (Black Draconian Conjurer)      Turns: 11104, Time: 00:14:30

Health: -2/68      AC:  9    Str: 11    XL:     9   Next: 74%
Magic:  0/18       EV: 12    Int: 23    God:    Vehumet [**....]
Gold:   381        SH:  0    Dex:  9    Spells: 8/20 levels left

rFire    + . .     SeeInvis .   o - +0 whip (flame)
rCold    . . .     Faith    .   (no shield)
rNeg     + . .     Spirit   +   (armour unavailable)
rPois    .         Reflect  .   l - +2 hat of the Bear Spirit {Spirit, +Rage rN+ Will++}
rElec    +         Harm     .   (no cloak)
rCorr    .         Rampage  .   (no gloves)
Will     ++...                  (no boots)
Stlth    ++........             (no amulet)
HPRegen  0.21/turn              (no ring)
MPRegen  0.16/turn              (no ring)

@: no status effects
A: breathe lightning, AC +7, unfitting armour, electricity resistance,
cold-blooded, clever 1, fire resistance 1
a: Breathe Lightning, Renounce Religion, Evoke Berserk Rage


You were on level 7 of the Dungeon.
You worshipped Vehumet.
Vehumet was pleased with you.
You visited 2 branches of the dungeon, and saw 9 of its levels.
You also visited: Sewer.

You collected 381 gold pieces.

Inventory:

Hand Weapons
 c - a +0 whip
 o - a +0 whip of flaming (weapon)
Missiles
 b - 2 atropa-tipped darts
Armour
 l - the +2 hat of the Bear Spirit (worn) {Spirit, +Rage rN+ Will++}
   (You acquired it on level 6 of the Dungeon)

   rN:        It protects you from negative energy.
   +Rage:     It lets you go berserk.
   Will:      It greatly increases your willpower.
Jewellery
 n - a +6 ring of strength
 r - an amulet of the acrobat
Wands
 a - a wand of polymorph (6)
 j - a wand of acid (18)
 p - a wand of charming (13)
 t - a wand of iceblast (30)
 v - a wand of paralysis (13)
Scrolls
 g - a scroll of amnesia
 m - 5 scrolls of blinking
 q - a scroll of fog
 s - a scroll of magic mapping
 x - a scroll of teleportation
Potions
 d - a potion of mutation
 e - a potion of resistance {unknown}
 f - 2 potions of curing {unknown}
 h - a potion of magic
 i - 2 potions of brilliance {unknown}
 k - a potion of flight
 u - 2 potions of haste {unknown}
 w - a potion of attraction {unknown}


   Skills:
 + Level 2.5 Fighting
 + Level 2.2 Maces & Flails
 + Level 2.9 Dodging
 - Level 1.7 Stealth
 - Level 6.0 Spellcasting
 + Level 10.4 Conjurations
 + Level 5.7 Hexes
 + Level 0.1 Air Magic


You had 8 spell levels left.
You knew the following spells:

 Your Spells              Type           Power      Damage    Failure   Level
a - Magic Dart            Conj           100%       1d8       1%          1
b - Searing Ray           Conj           100%       3d7       1%          2
c - Dazzling Flash        Conj/Hex       88%        N/A       1%          3
d - Fulminant Prism       Conj/Hex       22%        3d13      3%          4
e - Static Discharge      Conj/Air       31%        N/A       1%          2

Your spell library contained the following spells:

 Spells                   Type           Power      Damage    Failure   Level
 Conjure Flame            Conj/Fire      30%        6-21      3%          3
 Mephitic Cloud           Conj/Pois/Air  23%        N/A       6%          3
 Iskenderun's Mystic Bla  Conj/Tloc      30%        2d8       10%         4
 Sticky Flame             Conj/Fire      30%        2d5       10%         4
 Call Imp                 Summ           6%         N/A       13%         2
 Ignite Poison            Fire/Tmut/Pois 6%         N/A       26%         3
 Ozocubu's Armour         Ice            6%         N/A       26%         3
 Ozocubu's Refrigeration  Ice            3%         4d5       100%        7


Dungeon Overview and Level Annotations

Branches:
Dungeon (8/15)             Temple (1/1) D:4           Sewer (visited)
   Lair: D:8-11

Altars:
Ashenzari
Dithmenos
Elyvilon
Fedhas
Gozag
Hepliaklqana
Kikubaaqudgha
Makhleb
Nemelex Xobeh
Okawaru
Qazlal
Ru
Sif Muna
Trog
Uskayaw
Vehumet
Xom
Yredelemnul
The Shining One

Annotations:
D:4 3 runed translucent doors, JonathMagnus's ghost, amateur DrCj; ces's ghost, weakling SpAM
D:6 Dowan; Duvessa


Innate Abilities, Weirdness & Mutations

You can breathe wild blasts of lightning.
Your glossy black scales are hard. (AC +7)
You cannot fit into any form of body armour.
You are resistant to electric shocks. (rElec)
You are cold-blooded and may be slowed by cold attacks.
Your mind is acute. (Int +2)
Your flesh is heat resistant. (rF+)


Message History

A gnoll comes into view. It is wielding a +0 halberd.
A gnoll comes into view. It is wielding a +0 club.
A gnoll comes into view. It is wielding a +0 whip.
A gnoll comes into view. It is wielding a +0 flail.
The shadow imp disappears for a moment.
The shadow imp closely misses you.
The two-headed ogre hits you with a +0 giant club!
The two-headed ogre closely misses you.
A gnoll shaman comes into view. It is wielding a +0 whip.
The sentinel's mark upon you fades away.
There is a stone staircase leading up, spattered with blood here.
The two-headed ogre hits you with a +0 giant club!
The two-headed ogre closely misses you.
You climb upwards.
There is a stone staircase leading down here.
Casting: Searing Ray (safe; 1% risk of failure)
Confirm with . or Enter, or press ? or * to list all spells.
Aiming: Searing Ray (safe; 1% risk of failure)
Press: ? - help, Shift-Dir - straight line, f - two-headed ogre
Aim: a two-headed ogre, wielding two +0 giant clubs (92% to hit)
The searing ray hits the two-headed ogre!!
The two-headed ogre is moderately wounded. (Press . to maintain the ray.)
The two-headed ogre completely misses you.
The two-headed ogre hits you with a +0 giant club.
The searing ray hits the two-headed ogre.
The two-headed ogre is heavily wounded.
The two-headed ogre hits you with a +0 giant club!!
* * * LOW HITPOINT WARNING * * *
The two-headed ogre hits you with a +0 giant club!!
* * * LOW HITPOINT WARNING * * *
The searing ray hits the two-headed ogre.
The two-headed ogre is heavily wounded.
The searing ray hits the two-headed ogre.
The two-headed ogre is severely wounded.
You finish channeling your searing ray.
The two-headed ogre hits you with a +0 giant club.
* * * LOW HITPOINT WARNING * * *
The two-headed ogre hits you with a +0 giant club!
You die...

#..............###....#.#.....#.#
#.......#...####....#.#.#.....#.#
#.......#...'.........#.#.....#.#
#.......#...####.###..#...#.###.#
#.......##### #........#.(.....#
#.......#...# #####.##.#.#.#####
........+...#####.........#.#
........#<..#...............#
..........###...@.......#####
...#####..# #....O....)...# ...#
#..# #.......#####.# ...## #..#
#.......# #.# ....# #..#
#.......#####.# ....####..#
#.......'.....# ..........#
#.......####### ..........#
#.......# ..##......# #.......#


You could see a two-headed ogre.

Vanquished Creatures
  Pikel (D:5)
  2 hornets
  A steam dragon (D:7)
  3 water moccasins
  An ice beast (D:7)
  A sky beast (D:6)
  2 orc warriors
  2 black bears
  An ogre (D:5)
  2 centaurs (D:8)
  4 lemures (D:5)
  A kobold brigand (D:7)
  2 bullfrogs (Sewer)
  A phantom (D:6)
  A wyvern zombie (D:7)
  A water moccasin skeleton (D:4)
  A howler monkey (D:5)
  A centaur zombie (D:5)
  2 orc priests
  A jelly (D:5)
  6 hounds
  A centaur skeleton (D:6)
  3 iguanas
  7 orc wizards
  A hound skeleton (D:5)
  7 gnolls
  10 adders
  2 white imps (D:6)
  A worm (D:3)
  2 dart slugs
  13 orcs
  5 bats
  15 endoplasms
  6 giant cockroaches (Sewer)
  12 goblins
  7 hobgoblins
  10 kobolds
  10 quokkas
  15 ball pythons
  10 frilled lizards
  3 rats
177 creatures vanquished.

Vanquished Creatures (others)
  16 plants (D:3)
  7 withered plants (D:4)
23 creatures vanquished.

Grand Total: 200 creatures vanquished

Notes
Turn   | Place    | Note
-------+----------+-------------------------------------------
     0 | D:1      | pkoi the Draconian Conjurer began the quest for the Orb.
     0 | D:1      | Reached XP level 1. HP: 14/14 MP: 3/3
   583 | D:1      | Found a faded altar of an unknown god.
  1128 | D:2      | Reached XP level 2. HP: 20/20 MP: 3/5
  1922 | D:2      | Reached XP level 3. HP: 26/26 MP: 2/6
  1925 | D:2      | Learned a level 2 spell: Searing Ray
  2120 | D:3      | Found a bloodstained altar of Trog.
  2512 | D:3      | Learned a level 3 spell: Dazzling Flash
  2713 | D:3      | Reached skill level 5 in Conjurations
  2713 | D:3      | Reached XP level 4. HP: 32/33 MP: 2/8
  3066 | D:3      | Reached skill level 1 in Hexes
  3533 | D:2      | Reached XP level 5. HP: 37/38 MP: 5/9
  4072 | D:4      | Found a glowing drain.
  4086 | Sewer    | Entered a sewer
  4462 | Sewer    | Reached skill level 6 in Conjurations
  4890 | Sewer    | Reached XP level 6. HP: 44/45 MP: 2/11
  4965 | Sewer    | Learned a level 4 spell: Fulminant Prism
  5371 | D:4      | Found a basalt altar of Yredelemnul.
  5425 | D:4      | Found a staircase to the Ecumenical Temple.
  5512 | Temple   | Entered the Ecumenical Temple
  6015 | D:4      | Found a runed translucent gate.
  6015 | D:4      | Found a runed translucent gate.
  6015 | D:4      | Found a runed translucent gate.
  6016 | D:4      | Noticed ces's ghost (weakling SpAM)
  6016 | D:4      | Noticed JonathMagnus's ghost (amateur DrCj)
  6063 | D:4      | Found a shadowy altar of Dithmenos.
  6270 | Temple   | Became a worshipper of Vehumet
  6333 | D:5      | Entered Level 5 of the Dungeon
  6463 | D:4      | Your scales start taking on a glossy black colour.
  6463 | D:4      | Reached XP level 7. HP: 50/50 MP: 5/12
  6463 | D:4      | Gained mutation: You are resistant to electric shocks.
                  | (rElec) [Black Draconian growth]
  6515 | D:5      | Reached skill level 7 in Conjurations
  7210 | D:5      | Noticed Pikel
  7235 | D:5      | Killed Pikel
  7236 | D:5      | Reached skill level 8 in Conjurations
  7236 | D:5      | Reached XP level 8. HP: 29/57 MP: 1/15
  7457 | D:5      | Reached skill level 5 in Spellcasting
  7891 | D:6      | Identified a scroll of acquirement
  7891 | D:6      | Acquired the +2 hat of the Bear Spirit {Spirit, +Rage rN+
                  | Will++}
  7891 | D:6      | Found the +2 hat of the Bear Spirit {Spirit, +Rage rN+
                  | Will++}
  8102 | D:6      | Reached * piety under Vehumet
  8102 | D:6      | Offered knowledge of Sandblast by Vehumet.
  8109 | D:5      | Noticed a rust devil
  8109 | D:5      | Noticed a rust devil
  8115 | D:6      | Reached skill level 9 in Conjurations
  8503 | D:6      | Noticed Duvessa
  8504 | D:6      | Noticed Dowan
  9101 | D:6      | Reached XP level 9. HP: 62/62 MP: 14/17
  9155 | D:7      | Reached skill level 5 in Hexes
  9373 | D:7      | Gained mutation: Your flesh is heat resistant. (rF+)
                  | [potion of mutation]
  9373 | D:7      | Gained mutation: Your mind is acute. (Int +2) [potion of
                  | mutation]
  9385 | D:7      | HP: 1/93 [wyvern zombie (10)]
 10068 | D:7      | Reached skill level 1 in Fighting
 10243 | D:7      | Found a stormy altar of Qazlal.
 10390 | D:7      | Reached skill level 1 in Maces & Flails
 10390 | D:7      | Reached skill level 10 in Conjurations
 10576 | D:7      | Found a shimmering blue altar of Sif Muna.
 10693 | D:8      | Paralysed by a hornet for 1 turns
 10939 | D:8      | Offered knowledge of Static Discharge by Vehumet.
 10949 | D:8      | Learned a level 2 spell: Static Discharge
 10980 | D:8      | Reached ** piety under Vehumet
 11068 | D:8      | Noticed a two-headed ogre
 11104 | D:7      | Slain by a two-headed ogre

Illustrated notes

Levels and vault maps discovered:
D:1:      ebering_trefoil_twist, layout_basic,
          dreamdust_ecumenical_altar_hidden_monk_grotto
D:2:      layout_basic, minmay_misc_feat_room
D:3:      layout_loops_cross, mainiacjoe_overflow_chevrons
D:4:      kennysheep_the_goblin_king, layout_basic, kennysheep_mini_moat,
          yredelemnul_altar_generic, minmay_temple_entry_statues_fountains,
          gammafunk_ghost_cemetery, portal_sewer_entry_a
D:5:      cheibrodos_iron_armory, layout_rooms, minmay_holes, uniq_pikel,
          uniq_grinder
D:6:      layout_basic, uniq_duvessa
D:7:      layout_basic, kennysheep_orc_sif_temple,
          mainiacjoe_overflow_small_starburst
D:8:      layout_rooms, nrook_campfire, chequers_serial_rivers_small_3
Temple:   eino_temple_lava

Skill      XL: |  1  2  3  4  5  6  7  8  9 |
---------------+----------------------------+-----
Conjurations   | 5 6 8 9 10 | 10.4
Hexes          | 1 2 3 4 5 |  5.7
Spellcasting   | 3 4 5 6 |  6.0
Dodging        | 2 |  2.9
Fighting       | 2 |  2.5
Maces & Flails | 2 |  2.2
Stealth        | |  1.7
Air Magic      | |  0.1

Action                   |  1- 3 |  4- 6 |  7- 9 || total
-------------------------+-------+-------+-------++-------
Melee: Whip              |     6 |    31 |   104 ||   141
       Tailslap          |     2 |     3 |     8 ||    13
 Cast: Magic Dart        |    55 |   154 |    69 ||   278
       Searing Ray       |     1 |     8 |    41 ||    50
       Dazzling Flash    |       |     1 |       ||     1
 Abil: Breathe Lightning |       |       |     2 ||     2
  Use: Scroll            |       |    10 |     6 ||    16
       Potion            |       |       |     3 ||     3
 Stab: Sleeping          |     1 |       |       ||     1
Armor: Skin              |     6 |    16 |    90 ||   112
Dodge: Dodged            |     7 |    49 |   142 ||   198
